 Dungeon Crawl Stone Soup version 0.30.0-19-gbf45117a57 (webtiles) character file.

Game seed: 12768040698455050531

151 qw the Chopper (level 5, -1/32 HPs)
             Began as a Gargoyle Fighter on May 25, 2023.
             Was an Initiate of Okawaru.
             Killed by divine providence
             ... invoked by an orc priest
              (11 damage)
             ... on level 4 of the Dungeon.
             The game lasted 00:01:05 (2759 turns).

qw the Chopper (Gargoyle Fighter)                   Turns: 2759, Time: 00:01:06

Health: -1/32      AC: 13    Str: 21    XL:     5   Next: 33%
Magic:  5/5        EV:  7    Int:  9    God:    Okawaru [......]
Gold:   174        SH:  4    Dex:  9    Spells: 4/4 levels left

rFire   . . .        Y - +0 war axe
rCold   . . .        c - +0 buckler
rNeg    + . .        i - +0 chain mail
rPois   inf          (no helmet)
rElec   +            (no cloak)
rCorr   .            (no gloves)
SInv    .            (no boots)
Will    +....        (no amulet) Stlth
                     n - ring of willpower
HPRegen 0.25/turn    (no ring)
MPRegen 0.09/turn

%: no passive effects
@: no status effects
A: sickness immunity, AC +4, negative energy resistance 1, electricity
resistance, torment resistance 1, petrification resistance
a: Renounce Religion


You were on level 4 of the Dungeon.
You worshipped Okawaru.
Okawaru was noncommittal.
You visited 1 branch of the dungeon, and saw 4 of its levels.

You collected 174 gold pieces.


Innate Abilities, Weirdness & Mutations

You are immune to sickness and miasma.
Your stone body is resilient. (AC +4)
You are immune to poison.
You resist negative energy. (rN+)
You are resistant to electric shocks. (rElec)
You are resistant to unholy torment.
You are immune to petrification.


   Skills:
 - Level 3.2 Fighting
 + Level 4.7 Axes
 - Level 1.0 Throwing
 - Level 3.2 Armour
 - Level 3.2 Shields


You had 4 spell levels left.
You didn't know any spells.
Your spell library was empty.

Inventory:

Hand Weapons
 a - a +2 heavy mace
 Y - a +0 war axe (weapon)
Missiles
 o - 2 boomerangs (quivered)
Armour
 c - a +0 buckler (worn)
 i - a +0 chain mail (worn)
Jewellery
 n - a ring of willpower (left hand)
Scrolls
 h - a scroll of teleportation
Potions
 b - a potion of brilliance {unknown}
 d - 3 potions of might
 e - 2 potions of heal wounds
 f - a potion of cancellation
 g - a potion of curing {unknown}
 k - a potion of resistance {unknown}
 l - a potion of flight {unknown}
 m - a potion of haste {unknown}
 p - a potion of lignification {unknown}

Dungeon Overview and Level Annotations

Branches:
Dungeon (4/15)
 Temple: D:4-7

Altars:
Okawaru

Annotations:
D:4 Eustachio


Message History

You resist with some effort.
You slash the shadow imp!
You kill the shadow imp!
The shadow imp disappears in a puff of smoke!
You closely miss the white imp. You slash Eustachio!
You closely miss the goblin.
Your surroundings seem slightly different. 2 orc priests come into view.
The orc priest shouts!
Eustachio gestures wildly while chanting.
The orc priest moves out of view.
You are too injured to fight recklessly!
The bat hits you but does no damage. x2; The orc throws a boomerang.
The boomerang hits you but does no damage.
Eustachio casts a spell.
You closely miss the bat. The bat barely misses you.
The orc priest invokes the aid of Beogh against you.
Pain shoots through your body! You block the bat's attack.
You barely miss the shadow imp. You slash the orc!
You kill the orc!
Okawaru accepts your kill.
You slash the bat!
You kill the bat!
The bat's corpse disappears in a puff of smoke!
You slash the orc!
You kill the orc!
Okawaru accepts your kill.
You hit the goblin.
You kill the goblin!
Okawaru accepts your kill.
The white imp disappears in a puff of smoke!
The shadow imp barely misses you.
The orc priest calls down the wrath of Beogh upon you.
Pain shoots through your body!
The shadow imp hits you but does no damage.
Eustachio mumbles some strange words.
The orc priest invokes the aid of Beogh against you.
Beogh smites you!
You die...

....... .$.....((..(
#...........
#.......oo######
#..............# .##
#..............#
....#......b.))ยค...#
#........@.5@....#
####......r!.).....#
.......<..rb.......#
..###..%...#+#######
##.....# #.....+
#.....# #......
####....


You could see Eustachio, 2 orc priests, a river rat (summoned), a shadow imp
(summoned), 2 bats and a rat (summoned).

Vanquished Creatures
  A jelly (D:3)
  5 adders
  A worm (D:3)
  2 dart slugs (D:2)
  7 orcs
  4 bats
  3 endoplasms
  2 giant cockroaches
  8 goblins
  8 hobgoblins
  3 jackals (D:1)
  4 quokkas
  2 ball pythons
  3 frilled lizards
  6 kobolds
  7 rats
66 creatures vanquished.

Notes
Turn   | Place    | Note
-------+----------+-------------------------------------------
     0 | D:1      | qw the Gargoyle Fighter began the quest for the Orb.
     0 | D:1      | Reached XP level 1. HP: 14/14 MP: 1/1
     0 | D:1      | 0 ||| qw: Version: 0.2-a-98-g5d7165a
     0 | D:1      | 0 ||| qw: Game counter: 101
     0 | D:1      | 0 ||| qw: Always use a shield: true
     0 | D:1      | 0 ||| qw: God list: Okawaru
     0 | D:1      | 0 ||| qw: Allow faded altars: false
     0 | D:1      | 0 ||| qw: Do Orc after D:15 true
     0 | D:1      | 0 ||| qw: Do second Lair branch before Depths: true
     0 | D:1      | 0 ||| qw: Lair rune preference: random
     0 | D:1      | 0 ||| qw: Plans: Normal, Zot:1-4, God:TSO, Crypt, Tomb,
                  | Pan, Slime:5, Hells, Abyss, Win
     0 | D:1      | 0 ||| PLANNING D:1-11
    70 | D:1      | Reached skill level 2 in Axes
   117 | D:1      | Reached XP level 2. HP: 19/19 MP: 2/2
   147 | D:1      | Found a faded altar of an unknown god.
   796 | D:1      | Reached skill level 3 in Axes
   838 | D:1      | Reached XP level 3. HP: 21/23 MP: 3/3
   949 | D:1      | 949 ||| READING scroll labelled YSEPASK HOILIB.
  1050 | D:1      | 1050 ||| READING scroll labelled UFERECR GIAGG.
  1051 | D:1      | 1051 ||| READING 2 scrolls labelled ZOISOGA EZOLO.
  1056 | D:1      | 1056 ||| READING scroll labelled YCOKKIVVOIKH.
  1057 | D:1      | 1057 ||| DRINKING 4 sedimented inky potions.
  1084 | D:2      | 1084 ||| DROPPING +0 whip.
  1255 | D:2      | Reached skill level 1 in Throwing
  1289 | D:2      | 1289 ||| Stepping ~*~*~tactically~*~*~ (hiding).
  1292 | D:2      | Reached XP level 4. HP: 28/28 MP: 4/4
  1679 | D:2      | 1679 ||| Stepping ~*~*~tactically~*~*~ (hiding).
  1680 | D:2      | 1680 ||| Stepping ~*~*~tactically~*~*~ (hiding).
  1683 | D:2      | 1683 ||| Stepping ~*~*~tactically~*~*~ (hiding).
  1797 | D:2      | 1797 ||| UPGRADING to +0 chain mail.
  1807 | D:2      | 1807 ||| DROPPING +0 scale mail.
  1808 | D:2      | 1808 ||| UPGRADING to ring of willpower.
  1809 | D:2      | 1809 ||| READING scroll labelled ACUOTO DEDDEOSK.
  1810 | D:2      | 1810 ||| DRINKING 2 bubbling inky potions.
  1921 | D:3      | Found an iron altar of Okawaru.
  1922 | D:3      | 1922 ||| PLANNING OKAWARU WORSHIP
  1922 | D:3      | 1922 ||| READING scroll labelled ZEOC KESTYISEM.
  1930 | D:3      | Became a worshipper of Warmaster Okawaru
  1930 | D:3      | 1930 ||| PLANNING D:1-11
  2003 | D:3      | Reached skill level 4 in Axes
  2060 | D:3      | 2060 ||| Stepping ~*~*~tactically~*~*~ (stealth).
  2066 | D:3      | Reached XP level 5. HP: 32/32 MP: 5/5
  2425 | D:3      | 2425 ||| Stepping ~*~*~tactically~*~*~ (hiding).
  2427 | D:3      | 2427 ||| Stepping ~*~*~tactically~*~*~ (hiding).
  2428 | D:3      | 2428 ||| Stepping ~*~*~tactically~*~*~ (hiding).
  2723 | D:4      | 2723 ||| PLANNING SEWER
  2734 | D:4      | Noticed Eustachio
  2751 | D:4      | HP: 5/32 [white imp/puff of frost[Eustachio] (7)]
  2752 | D:4      | 2752 ||| READING 2 scrolls of teleportation.
  2753 | D:4      | 2753 ||| DRINKING 3 potions of heal wounds.
  2759 | D:4      | Killed from afar by an orc priest

Levels and vault maps discovered:
D:1:      lemuel_arrival_funnel, layout_loops_corners,
          hellmonk_ecumenical_altar_run_dry, grunt_decor_resistance
D:2:      layout_basic
D:3:      layout_rooms, mainiacjoe_overflow_surrounded_room,
          dreamdust_mushroom_princess, dk_noncrumbling_2, minivault_11,
          roderic_serpentine_path, grunt_ministairs_15
D:4:      layout_basic, minmay_temple_entry_hall, portal_sewer_entry_d,
          serial_shops, nicolae_stop_n_shop_2, nicolae_book_shop_shelving, shop,
          nicolae_shop_crystal, nicolae_shop_temple_entry_statues_fountains,
          minmay_misc_feat_diagonals, uniq_ijyb, uniq_pikel, uniq_eustachio,
          uniq_robin

Skill      XL: |  1  2  3  4 |
---------------+-------------+-----
Axes           | 2 3 4 |  4.7
Throwing       | 1 |  1.0
Fighting       | |  3.2
Armour         | |  3.2
Shields        | |  3.2

Action                     |  1- 3 |  4- 6 || total
---------------------------+-------+-------++-------
  Melee: War axe           |   103 |    64 ||   167
  Throw: Javelin           |     6 |    33 ||    39
         Boomerang         |       |     2 ||     2
    Use: Scroll            |     4 |     3 ||     7
         Potion            |     1 |     2 ||     3
 Armour: Scale mail        |    63 |     1 ||    64
         Chain mail        |       |    49 ||    49
  Dodge: Dodged            |    43 |    37 ||    80
  Block: Buckler           |    18 |    14 ||    32

Table legend:
 A = Non-vault XP
 B = Vault XP
 C = Vault XP percentage of total XP
 D = Non-vault monster count
 E = Vault monster count
 F = Vault count percentage of total count
                 A         B        C        D         E       F
            +---------+---------+-------+---------+---------+-------
      Total |     220 |       5 |   2.2 |      64 |       2 |   3.0
            +---------+---------+-------+---------+---------+-------
        D:1 |      35 |       0 |   0.0 |      22 |       0 |   0.0
        D:2 |      62 |       0 |   0.0 |      20 |       0 |   0.0
        D:3 |     100 |       5 |   4.8 |      17 |       2 |  10.5
        D:4 |      23 |       0 |   0.0 |       5 |       0 |   0.0
            +---------+---------+-------+---------+---------+-------
